 Dungeon Crawl Stone Soup version 0.24.0-29-g8ce449bc06 (webtiles) character file.

Game seed: 6608410504580386973, levelgen mode: deterministic

139 Descartes the Insei (level 5, 0/25 HPs)
             Began as a Vine Stalker Transmuter on Nov 14, 2019.
             Slain by an orc wizard
             ... wielding a cursed -2 dagger
              (1 damage)
             ... on level 3 of the Dungeon.
             The game lasted 00:03:37 (2268 turns).

Descartes the Insei (Vine Stalker Transmuter)       Turns: 2268, Time: 00:03:38

Health: 0/25       AC:  3    Str: 14    XL:     5   Next: 22%
Magic:  0/9        EV: 12    Int: 13    God:
Gold:   143        SH:  0    Dex: 14    Spells: 7/8 levels left

rFire    . . .     SeeInvis .     - Unarmed
rCold    . . .     Gourm    .   (no shield)
rNeg     + . .     Faith    .   b - +0 robe
rPois    .         Spirit   +   m - +0 helmet
rElec    .         Reflect  .   (no cloak)
rCorr    .         Harm     .   (no gloves)
MR       .....                  (no boots)
Stlth    +.........             (no amulet)
HPRegen  0.48/turn              e - ring of positive energy
MPRegen  0.11/turn              (no ring)

@: no status effects
A: fangs 2, regeneration 1, magic shield, antimagic bite, no potion heal 3, rot
immunity
a: no special abilities


You were on level 3 of the Dungeon.
You were hungry.

You visited 1 branch of the dungeon, and saw 3 of its levels.

You collected 143 gold pieces.

Inventory:

Missiles
 a - 44 arrows
 i - 3 datura-tipped darts (quivered)
 r - 40 stones
Armour
 b - a +0 robe (worn)
 m - a +0 helmet (worn)
Jewellery
 e - a ring of positive energy (left hand)
Scrolls
 c - a scroll of magic mapping {unknown}
 f - 4 scrolls of identify {unknown}
 g - a scroll of noise {unknown}
 j - 2 scrolls of remove curse {unknown}
 k - 3 scrolls of teleportation {unknown}
 l - a scroll of enchant weapon {unknown}
 n - a scroll of enchant armour {unknown}
 o - a scroll of immolation {unknown}
 p - a scroll of fog {unknown}
Potions
 h - 2 potions of curing {unknown}
 q - a potion of flight {unknown}
 s - a potion of mutation {unknown}
Comestibles
 d - 3 rations


   Skills:
 - Level 0.8 Fighting
 - Level 1.5 Dodging
 + Level 5.7 Unarmed Combat
 - Level 2.1 Spellcasting
 - Level 2.0 Transmutations


You had 7 spell levels left.
You knew the following spells:

 Your Spells              Type           Power        Failure   Level  Hunger
a - Beastly Appendage     Tmut           #.....       11%         1    ##.....

Your spell library contained the following spells:

 Spells                   Type           Power        Failure   Level  Hunger
 Sticks to Snakes         Tmut           #.......     17%         2    ###....
 Confusing Touch          Hex            #.....       26%         1    ##.....
 Spider Form              Tmut/Pois      #.........   45%         3    ####...
 Confuse                  Hex            #.......     58%         3    ####...
 Gell's Gravitas          Tloc           #.........   58%         3    ####...
 Ice Form                 Ice/Tmut       #.......     86%         4    #####..
 Petrify                  Tmut/Erth      #.......     86%         4    #####..
 Blade Hands              Tmut           #.........   97%         5    ######.
 Yara's Violent Unravell  Hex/Tmut       #.........   99%         5    ######.
 Metabolic Englaciation   Hex/Ice        #.........   100%        5    ######.


Dungeon Overview and Level Annotations

Branches:
Dungeon (3/15)

Altars:


Innate Abilities, Weirdness & Mutations

You have extremely sharp teeth.
Your natural rate of healing is unusually fast.
When hurt, damage is shared between your health and your magic reserves.
Your bite disrupts and absorbs the magic of your enemies.
Potions cannot restore your health.
You are immune to rotting.


Message History

The rat twitches its whiskers.
You are feeling hungry.
You hit the orc priest but do no damage.
You bite the orc priest. You drain its power.
You feel invigorated.
The orc priest is lightly wounded.
The kobold hits you with a +1 short sword of electrocution.
* * * LOW HITPOINT WARNING * * *
The orc priest barely misses you.
You hit the orc priest but do no damage.
You punch the orc priest.
The orc priest is moderately wounded.
The orc wizard misses you.
The kobold hits you with a +1 short sword of electrocution.
* * * LOW HITPOINT WARNING * * *
The orc priest hits you but does no damage.
You hit the orc priest but do no damage.
Your bite misses the orc priest.
The orc priest is moderately wounded.
The orc wizard hits you with a cursed -2 dagger.
You die...

# #. #..## #.....
####.#
#[#..r#########
.......
.....SooK......
####... #@#
....... #.#
....... # #[#
##########.#####.#
..............##.#
.############.##.#
.................#
.############..###
.#########.....#


You could see an orc priest, an orc wizard, an adder, a kobold and a rat.

Vanquished Creatures
  Jessica (D:2)
  An iguana (D:2)
  An adder (D:2)
  2 worms (D:2)
  3 dart slugs
  A leopard gecko (D:1)
  An orc (D:3)
  2 ball pythons (D:2)
  A giant cockroach (D:2)
  13 goblins
  7 hobgoblins
  8 jackals
  3 kobolds
  2 quokkas (D:2)
  7 bats
  4 frilled lizards
  3 rats (D:1)
60 creatures vanquished.

Notes
Turn   | Place    | Note
-------+----------+-------------------------------------------
     0 | D:1      | Descartes the Vine Stalker Transmuter began the quest for
                  | the Orb.
     0 | D:1      | Reached XP level 1. HP: 9/9 MP: 4/4
   258 | D:1      | Reached XP level 2. HP: 14/14 MP: 6/6
   603 | D:1      | You fall into a shaft and drop 1 floor!
   774 | D:2      | Noticed Jessica
   782 | D:2      | Killed Jessica
   782 | D:2      | Reached skill level 4 in Unarmed Combat
   782 | D:2      | Reached XP level 3. HP: 13/17 MP: 7/7
  1157 | D:1      | Gained mutation: Your natural rate of healing is unusually
                  | fast. [Vine Stalker growth]
  1157 | D:1      | Reached XP level 4. HP: 21/21 MP: 8/8
  1338 | D:2      | Reached skill level 5 in Unarmed Combat
  1431 | D:2      | Found a faded altar of an unknown god.
  1716 | D:2      | Reached XP level 5. HP: 25/25 MP: 7/9
  2266 | D:3      | HP: 1/25 [kobold/+1 short sword of electrocution (3)]
  2268 | D:3      | Slain by an orc wizard

Levels and vault maps discovered:
D:1:      minmay_arrival_semitransparent, layout_loops_corners,
          dk_noncrumbling_2
D:2:      layout_basic, chequers_ecumenical_altar_simple, serial_rivers,
          chequers_serial_rivers_micro_d, chequers_serial_rivers_micro_c,
          chequers_serial_rivers_large_b, chequers_serial_rivers_small_b,
          uniq_jessica
D:3:      layout_basic, zin_statuary, nicolae_overflow_hidden_temple,
          portal_sewer_entry_b, minmay_quadrilaterals, uniq_natasha

Skill      XL: |  1  2  3  4 |
---------------+-------------+-----
Unarmed Combat | 4 5 |  5.7
Fighting       | |  0.8
Dodging        | |  1.5
Spellcasting   | |  2.1
Transmutations | |  2.0

Action                   |  1- 3 |  4- 6 || total
-------------------------+-------+-------++-------
Melee: Unarmed           |    87 |   107 ||   194
       Bite              |    12 |    20 ||    32
       Punch             |     2 |     3 ||     5
  Eat: Chunk             |     1 |     3 ||     4
Armor: Robe              |     8 |    19 ||    27
Dodge: Dodged            |    59 |    52 ||   111
